 Dungeon Crawl Stone Soup version 0.27-a0-70-g58928b186a (webtiles) character file.

Game seed: 1944260932354638025

352897 Morbidden the Eclecticist (level 22, -7/116 HPs)
             Began as a Vine Stalker Necromancer on Jan 10, 2021.
             Was an Initiate of Gozag.
             Killed from afar by a hellion (18 damage)
             ... with damnation
             ... summoned by a deep elf demonologist
             ... on level 3 of the Elven Halls.
             The game lasted 02:04:07 (47506 turns).

Morbidden the Eclecticist (VSNe)                   Turns: 47506, Time: 02:04:08

Health: -7/116     AC: 25    Str: 25    XL:     22   Next: 26%
Magic:  0/51       EV: 28    Int: 26    God:    Gozag
Gold:   3569       SH: 15    Dex: 15    Spells: 38/51 levels left

rFire    + . .     SeeInvis +   a - +8 whip "Snakebite" {curare, rPois}
rCold    + . .     Faith    .   A - +1 kite shield
rNeg     . . .     Spirit   +   W - +4 acid dragon scales of a bazaar {+Blink rCorr Slay+5 SInv}
rPois    +         Reflect  .   c - +1 hat "Lyklus" {rPois MP+9}
rElec    .         Harm     .   p - +2 cloak {Will+}
rCorr    +         Rampage  .   P - +3 pair of gloves "Quvulaa" {Str+7 Int+4}
Will     +++..     Rnd*Rage +   Q - +2 pair of boots {Fly}
Stlth    +++++.....             M - amulet of regeneration
HPRegen  1.49/turn              J - ring of Suicidal Tendencies {rF+ rC+ Str+4 Stlth+}
MPRegen  0.32/turn              F - ring of the Hare {EV+8}

@: flying
A: fangs 3, horns 1, yellow scales 1, berserk 1, regeneration 2, magic shield,
antimagic bite, no potion heal 3
}: 2/15 runes: barnacled, gossamer
a: Stop Flying, Renounce Religion, Evoke Blink, Potion Petition, Call Merchant,
Bribe Branch


You were on level 3 of the Elven Halls.
You worshipped Gozag.
Gozag was most pleased with you.
You visited 7 branches of the dungeon, and saw 36 of its levels.
You also visited: Bailey, Volcano and Wizlab.

You collected 19005 gold pieces.
You spent 4325 gold pieces at shops.
You paid 11111 gold pieces to Gozag.

Inventory:

Hand Weapons
 a - the +8 whip "Snakebite" (weapon) {curare, rPois}
   (You found it on level 4 of the Lair of Beasts)

   It poisons the flesh of those it strikes.
   It protects you from poison.
 b - a +2 hunting sling of freezing
 s - a +0 vorpal double sword
 t - a +3 dagger of electrocution
Missiles
 g - 76 poisoned darts
 i - 113 boomerangs
 m - 110 javelins (quivered)
 o - 285 sling bullets
 B - 22 curare-tipped darts
 S - 9 throwing nets
 Y - 75 silver javelins
Armour
 c - the +1 hat "Lyklus" (worn) {rPois MP+9}
   (You found it on level 2 of the Shoals)

   It protects you from poison.
   It affects your magic capacity (+9).
 p - a +2 cloak of willpower (worn)
 A - a +1 kite shield (worn)
 P - the +3 pair of gloves "Quvulaa" (worn) {Str+7 Int+4}
   (You bought it in a shop on level 1 of the Lair of Beasts)

   It affects your strength (+7).
   It affects your intelligence (+4).
 Q - a +2 pair of boots of flying (worn)
 W - the +4 acid dragon scales of a bazaar (worn) {+Blink rCorr Slay+5 SInv}
   (You bought it in a shop on level 1 of the Lair of Beasts)

   It affects your accuracy and damage with ranged weapons and melee attacks
   (+5).
   It lets you see invisible.
   It lets you blink.
   It provides partial protection from all sources of acid and corrosion.
Jewellery
 D - an uncursed ring of protection from cold
 F - the ring of the Hare (right hand) {EV+8}
   (You bought it in a shop on level 1 of the Lair of Beasts)

   [ring of evasion]

   It affects your evasion (+8).
 G - an uncursed ring of magical power
 J - the ring of Suicidal Tendencies (left hand) {rF+ rC+ Str+4 Stlth+}
   (You bought it in a shop on level 1 of the Lair of Beasts)

   [ring of protection from fire]

   It affects your strength (+4).
   It protects you from fire.
   It protects you from cold.
   It makes you more stealthy.
 M - an amulet of regeneration (around neck)
Wands
 w - a wand of disintegration (24)
 I - a wand of iceblast (36)
 L - a wand of flame (76)
 U - a wand of acid (29)
 V - a wand of paralysis (33)
Scrolls
 d - a scroll of blinking
 e - 8 scrolls of amnesia
 f - 6 scrolls of fear
 h - 4 scrolls of fog
 j - 14 scrolls of remove curse
 k - 11 scrolls of identify
 v - a scroll of magic mapping
 x - 5 scrolls of enchant armour
 y - a scroll of silence
 N - 6 scrolls of teleportation
 Z - 2 scrolls of enchant weapon
Potions
 n - 2 potions of brilliance
 r - 9 potions of ambrosia
 u - 3 potions of invisibility
 z - 14 potions of curing
 E - a potion of resistance
 H - 4 potions of might
 K - 9 potions of lignification
 O - 3 potions of haste
 R - 3 potions of cancellation
 T - 4 potions of berserk rage
 X - 3 potions of magic
Miscellaneous
 l - a box of beasts
 q - a condenser vane
 C - a phantom mirror


   Skills:
 * Level 12.6 Fighting
 - Level 7.8(11.2) Short Blades
 * Level 12.6(13.4) Long Blades
 + Level 11.4 Maces & Flails
 + Level 5.2(6.5) Slings
 + Level 5.7(6.7) Throwing
 + Level 7.0 Armour
 * Level 12.7 Dodging
 + Level 11.1 Stealth
 * Level 13.1 Shields
 * Level 15.2 Spellcasting
 - Level 2.0 Hexes
 * Level 15.0 Necromancy
 * Level 2.5 Transmutations
 * Level 2.4 Air Magic
 + Level 0.9 Evocations


You had 38 spell levels left.
You knew the following spells:

 Your Spells              Type           Power        Failure   Level
a - Pain                  Necr           100%         0%          1
b - Vampiric Draining     Necr           39%          1%          3
c - Airstrike             Air            16%          14%         4
d - Yara's Violent Unrav  Hex/Tmut       15%          41%         5

Your spell library contained the following spells:

 Spells                   Type           Power        Failure   Level
 Animate Skeleton         Necr           100%         0%          1
 Sublimation of Blood     Necr           39%          0%          2
 Corpse Rot               Necr/Air       N/A          1%          2
 Animate Dead             Necr           39%          1%          4
 Agony                    Necr           78%          1%          5
 Death Channel            Necr           39%          1%          6
 Shock                    Conj/Air       100%         2%          1
 Sting                    Tmut/Pois      100%         2%          1
 Slow                     Hex            30%          2%          2
 Swiftness                Air            32%          2%          2
 Passwall                 Tmut/Erth      21%          3%          2
 Poisonous Vapours        Pois/Air       52%          3%          2
 Foxfire                  Conj/Fire      76%          4%          1
 Freeze                   Ice            76%          4%          1
 Magic Dart               Conj           76%          4%          1
 Sandblast                Erth           38%          4%          1
 Borgnjor's Vile Clutch   Necr/Erth      28%          4%          5
 Searing Ray              Conj           38%          6%          2
 Static Discharge         Conj/Air       26%          8%          3
 Dazzling Flash           Conj/Hex       50%          9%          3
 Ignite Poison            Fire/Tmut/Pois 24%          9%          3
 Inner Flame              Hex/Fire       25%          9%          3
 Mephitic Cloud           Conj/Pois/Air  24%          9%          3
 Conjure Flame            Conj/Fire      19%          12%         3
 Frozen Ramparts          Ice            38%          12%         3
 Ozocubu's Armour         Ice            19%          12%         3
 Stone Arrow              Conj/Erth      38%          12%         3
 Petrify                  Tmut/Erth      26%          24%         4
 Fulminant Prism          Conj/Hex       12%          26%         4
 Hailstorm                Conj/Ice       19%          38%         4
 Iskenderun's Mystic Bla  Conj/Tloc      19%          38%         4
 Olgreb's Toxic Radiance  Pois           19%          38%         4
 Sticky Flame             Conj/Fire      19%          38%         4
 Summon Ice Beast         Ice/Summ       19%          38%         4
 Lightning Bolt           Conj/Air       13%          56%         5
 Fireball                 Conj/Fire      9%           75%         5
 Iskenderun's Battlesphe  Conj           19%          75%         5
 Lee's Rapid Deconstruct  Erth           9%           75%         5
 Freezing Cloud           Conj/Ice/Air   12%          99%         6
 Spellforged Servitor     Conj/Summ      9%           100%        7


Dungeon Overview and Level Annotations

Branches:
Dungeon (15/15)            Temple (0/1) D:4            Lair (4/6) D:8
 Shoals (4/4) Lair:2       Spider (4/4) Lair:3          Orc (2/2) D:9
    Elf (3/3) Orc:2        Vaults (4/5) D:13         Depths (0/5) D:15
 Bailey (visited)         Volcano (visited)          WizLab (visited)
  Crypt: Vaults:2-3

Altars:
Ashenzari
Cheibriados
Fedhas
Gozag
Hepliaklqana
Kikubaaqudgha
Makhleb
Okawaru
Qazlal
Ru
Sif Muna
Wu Jian
Xom
Yredelemnul
Beogh
Lugonu

Shops:
D:8 }   D:9 :   Orc:2 *}=:*   Elf:1 :   Elf:3 ::*((   Lair:1 [=(=[([[=
Shoals:1 *   Vaults:1 (

Portals:
Abyss: Spider:2
Trove: D:11 (give 15 scrolls of teleportation)

Annotations:
D:4 1 runed translucent door, mokwee's ghost, amateur OpVM
Shoals:2 caaleb's ghost, adept GnVM
Elf:2 3 runed translucent doors
Vaults:4 , 1 runed translucent door, Miduin's ghost, adept TeSu


Innate Abilities, Weirdness & Mutations

You have razor-sharp teeth.
You heal very quickly.
When hurt, damage is shared between your health and your magic reserves.
Your bite disrupts and absorbs the magic of your enemies.
Potions cannot restore your health.
You have a pair of small horns on your head.
You are partially covered in yellow scales. (AC +2)
You tend to lose your temper in combat.


Message History

Unknown command.
Unknown command.
Unknown command.
Unknown command.
Unknown command.
Unknown command.
Unknown command.
Unknown command.
Unknown command.
Unknown command.
You barely miss the deep elf demonologist.
Your headbutt misses the deep elf demonologist.
You bite the deep elf demonologist!
The deep elf demonologist's magic leaks into the air.
You drain its magic.
You feel invigorated.
The deep elf demonologist is moderately wounded.
The hellion gestures at you.
The sphere of damnation explodes!
The damnation engulfs you!!
You die...
Your body crumbles into a pile of gold.

####...##.......#
#..#.....#.#
...'#####..####.#
#..#.....#.#
...## #.## #.###
#..###'###.#
....# ### #...#
##.........#
...<# #..##
######...## ....#
#...# #...##
...## ##.##
##.### ...#
#(########..#
####
#@(........##
####e#########
##...$...##
#....(....#
#...e3.3......# $
$ #.....2.......#
$
..e....2(......#
$
..(...###(......
$ .....# #......


You could see a sun demon (summoned), a deep elf demonologist (empowered) and a
hellion (summoned).

Vanquished Creatures
  Margery (Vaults:2)
  Nikola (Shoals:4)
  Rupert (D:14)
  The ghost of Yrishrysi the Brawler, an adept TrMo of Qazlal (Spider:4)
  A kraken (Shoals:1)
  A storm dragon (Vaults:4)
  2 tengu reavers
  Ilsuiw (Shoals:4)
  6 deep elf sorcerers
  9 vault wardens
  A frost giant (Shoals:4)
  3 emperor scorpions
  Louise (D:13)
  8 ghost moths
  2 deep elf elementalists
  14 ironheart preservers
  5 stone giants
  3 very ugly things (Vaults:4)
  A deep elf annihilator (Elf:1)
  10 purple draconians (WizLab)
  5 entropy weavers
  9 statues (WizLab)
  A bunyip (shapeshifter) (Elf:3)
  Snorg (D:14)
  2 ettins
  7 yaktaur captains
  2 merfolk impalers
  2 deep elf death magi
  11 merfolk javelineers
  A deep elf high priest (Elf:2)
  3 fire dragons
  Fannar (Lair:1)
  A rakshasa (Vaults:3)
  10 vault guards
  8 boulder beetles
  Harold (D:11)
  14 centaur warriors
  An ice dragon (Vaults:1)
  A catoblepas (Lair:3)
  7 hydras
  3 alligator snapping turtles
  9 ogre magi
  25 two-headed ogres
  2 merfolk aquamancers (Shoals:4)
  3 merfolk avatars
  5 satyrs
  3 orc high priests (Orc:2)
  Urug (Lair:1)
  5 death yaks (Lair:4)
  18 deep elf knights
  Sonja (Orc:2)
  The ghost of mokwee the Cleaver, a novice MiFi of Okawaru (D:11)
  A fire crab (Volcano)
  2 hell knights
  3 unseen horrors
  A glowing orange brain (Vaults:2)
  9 deep trolls
  21 sea snakes
  17 orc knights
  9 deep elf archers
  11 ironbrand convokers
  An obsidian statue (Volcano)
  A lindwurm (Volcano)
  27 harpies
  4 necromancers
  2 mana vipers (shapeshifter)
  A wizard (Vaults:2)
  2 phantasmal warriors (Vaults:2)
  11 orb spiders
  70 deep elf magi
  7 cyclopes
  26 ugly things
  42 wolf spiders
  17 fauns
  4 orc sorcerers
  A salamander (shapeshifter) (D:13)
  18 manticores
  A black mamba (shapeshifter) (Vaults:3)
  5 moths of wrath
  3 elephants (Lair:4)
  5 vault sentinels
  4 cane toads
  Psyche (D:8)
  3 black mambas (Lair:4)
  12 merfolk sirens
  4 water nymphs
  An ice statue (Lair:4)
  A torpor snail (Lair:3)
  5 efreet
  7 komodo dragons
  11 demonic crawlers
  2 yaktaurs (shapeshifter)
  4 kobold demonologists
  2 freezing wraiths
  3 tengu conjurers
  26 yaktaurs
  An ice devil (Lair:4)
  7 trolls
  4 polar bears (Lair:4)
  3 meliai (Spider:2)
  A jumping spider (shapeshifter) (Vaults:3)
  Grinder (D:4)
  A troll (shapeshifter) (Vaults:4)
  41 jumping spiders
  A polar bear (shapeshifter) (Vaults:3)
  4 wind drakes
  A wind drake (shapeshifter) (Vaults:4)
  A snapping turtle (shapeshifter) (Vaults:3)
  17 merfolk
  2 hornets (shapeshifter) (Vaults:3)
  6 dream sheep
  17 slime creatures
  11 hornets
  9 wraiths
  12 snapping turtles
  71 redbacks
  3 large abominations (Elf:1)
  8 water elementals
  A vampire (D:13)
  2 air elementals
  4 wyverns
  19 tarantellas
  9 fire bats (Volcano)
  4 vampire mosquitoes (D:12)
  3 basilisks
  3 fire elementals
  37 yaks
  A steam dragon (Volcano)
  3 wargs
  6 acid dragons
  2 soldier ants
  13 water moccasins
  Duvessa (D:4)
  34 orc warriors
  6 sky beasts
  4 ice beasts
  5 phantoms
  3 black bears
  38 ogres
  2 necrophages
  25 centaurs
  13 wolves
  7 big kobolds
  14 bullfrogs
  An elf zombie (Elf:1)
  A wyvern zombie (D:14)
  2 gnoll sergeants (D:9)
  2 earth elementals
  Dowan (D:4)
  4 scorpions
  11 killer bees
  12 wights
  2 electric eels
  A howler monkey (shapeshifter) (Vaults:4)
  A howler monkey (D:8)
  5 lava snakes (Volcano)
  2 bullfrog zombies
  3 centaur zombies
  2 quasits (D:13)
  8 hounds
  9 centaur skeletons
  26 orc priests
  4 bullfrog skeletons
  A gnoll shaman (D:8)
  5 jellies
  41 orc wizards
  6 iguanas
  12 worker ants
  A hound zombie (D:5)
  A hound skeleton (D:5)
  A worker ant zombie (D:5)
  A howler monkey zombie (D:6)
  22 gnolls
  18 adders
  A shadow imp (D:9)
  13 white imps
  An ufetubus (Vaults:4)
  2 adder zombies (D:5)
  An adder skeleton (D:5)
  4 worms
  5 leopard geckos
  107 orcs
  7 bats
  5 giant cockroaches
  13 goblins
  6 hobgoblins
  13 jackals
  3 quokkas
  2 ball pythons
  A ball python zombie (D:5)
  5 frilled lizards
  2 giant cockroach zombies (D:5)
  34 kobolds
  10 rats
  2 tentacles (Shoals:1)
1568 creatures vanquished.

Vanquished Creatures (collateral kills)
  A hell knight (Vaults:2)
  A necromancer (Vaults:2)
  A jumping spider (Lair:3)
  A redback (Lair:3)
4 creatures vanquished.

Vanquished Creatures (others)
  18 dancing weapons
  A deep elf archer (Elf:3)
  2 harpies
  A manticore (Shoals:4)
  A deep elf mage (Elf:2)
  A yaktaur (Vaults:2)
  A sky beast (D:10)
  An orc wizard (D:10)
  8 fungi
  A lurking horror (Spider:2)
  62 plants
  4 tentacles (Shoals:1)
101 creatures vanquished.

Grand Total: 1673 creatures vanquished

Notes
Turn   | Place    | Note
-------+----------+-------------------------------------------
     0 | D:1      | Morbidden the Vine Stalker Necromancer began the quest for
                  | the Orb.
     0 | D:1      | Reached XP level 1. HP: 9/9 MP: 4/4
   131 | D:1      | Reached XP level 2. HP: 8/13 MP: 1/6
  1218 | D:2      | Found an opulent altar of Gozag.
  1237 | D:2      | Became a worshipper of Gozag Ym Sagoz the Greedy
  1483 | D:2      | Reached XP level 3. HP: 8/16 MP: 0/7
  2160 | D:2      | Learned a level 3 spell: Vampiric Draining
  2196 | D:2      | Found a basalt altar of Yredelemnul.
  2405 | D:3      | Gained mutation: Your natural rate of healing is unusually
                  | fast. [Vine Stalker growth]
  2405 | D:3      | Reached XP level 4. HP: 18/21 MP: 6/9
  3208 | D:3      | Reached skill level 5 in Necromancy
  3208 | D:3      | Reached XP level 5. HP: 16/25 MP: 1/11
  3698 | D:4      | Found a staircase to the Ecumenical Temple.
  3779 | D:4      | Reached XP level 6. HP: 29/29 MP: 10/12
  3819 | D:4      | Reached skill level 1 in Fighting
  3819 | D:4      | Reached skill level 1 in Throwing
  4019 | D:4      | Noticed Grinder
  4139 | D:4      | Reached skill level 1 in Slings
  4166 | D:4      | Paralysed by Grinder for 5 turns
  4200 | D:4      | Killed Grinder
  4201 | D:4      | Reached XP level 7. HP: 24/33 MP: 7/14
  4423 | D:4      | Noticed Dowan
  4611 | D:4      | Noticed Duvessa
  4640 | D:4      | Killed Duvessa
  4647 | D:4      | Killed Dowan
  4703 | D:4      | Found a runed translucent door.
  4823 | D:4      | Gained mutation: You have razor-sharp teeth. [Vine Stalker
                  | growth]
  4823 | D:4      | Reached XP level 8. HP: 38/39 MP: 13/15
  4884 | D:4      | Found a shimmering blue altar of Sif Muna.
  4886 | D:4      | Noticed mokwee's ghost (amateur OpVM)
  5203 | D:5      | Entered Level 5 of the Dungeon
  5416 | D:5      | Found a stormy altar of Qazlal.
  5491 | D:5      | Reached skill level 1 in Armour
  5661 | D:5      | Reached skill level 1 in Short Blades
  5661 | D:5      | Reached skill level 1 in Shields
  5785 | D:5      | Reached skill level 5 in Spellcasting
  5870 | D:5      | Found a blossoming altar of Fedhas.
  6551 | D:5      | Reached skill level 5 in Stealth
  6601 | D:6      | Found a burning altar of Makhleb.
  6635 | D:6      | Reached XP level 9. HP: 44/44 MP: 17/17
  7224 | D:6      | Found a snail-covered altar of Cheibriados.
  7224 | D:6      | Found an ornate altar of the Wu Jian Council.
  7225 | D:6      | Found a broken altar of Ashenzari.
  7326 | D:7      | Found a sacrificial altar of Ru.
  7688 | D:7      | Found a stormy altar of Qazlal.
  7772 | D:7      | Found a hazy altar of Hepliaklqana.
  7773 | D:7      | Found a shimmering altar of Xom.
  7774 | D:7      | Noticed a spectral ugly thing
  8437 | D:7      | Found a stormy altar of Qazlal.
  8589 | D:7      | Found a sacrificial altar of Ru.
  8754 | D:7      | Found a hazy altar of Hepliaklqana.
  8755 | D:7      | Found a shimmering altar of Xom.
  9176 | D:8      | Reached XP level 10. HP: 49/49 MP: 20/20
  9325 | D:8      | Found a staircase to the Lair.
  9397 | D:8      | Found Quujik's Gadget Shop.
 10051 | D:8      | Noticed Psyche
 10094 | D:8      | Killed Psyche
 10599 | Lair:1   | Entered Level 1 of the Lair of Beasts
 10610 | Lair:1   | Bought a pair of slimy gloves for 275 gold pieces
 10615 | Lair:1   | Identified the +3 pair of gloves "Quvulaa" {Str+7 Int+4}
                  | (You bought it in a shop on level 1 of the Lair of Beasts)
 10617 | Lair:1   | Bought a pair of runed boots for 217 gold pieces
 10972 | D:9      | Found Nolizuol's Book Shop.
 11240 | D:9      | Found a staircase to the Orcish Mines.
 11278 | D:9      | Found a roughly hewn altar of Beogh.
 11766 | D:10     | Entered Level 10 of the Dungeon
 11858 | D:10     | Noticed a centaur warrior
 11874 | D:10     | Killed a centaur warrior
 11875 | D:10     | Reached skill level 5 in Dodging
 11875 | D:10     | Reached XP level 11. HP: 44/54 MP: 22/22
 12162 | D:10     | Reached skill level 5 in Fighting
 12175 | D:10     | Reached skill level 5 in Short Blades
 12496 | D:10     | Found an iron altar of Okawaru.
 12543 | D:10     | Reached skill level 5 in Shields
 13281 | D:11     | Noticed a sixfirhy
 13502 | Lair:1   | Bought transparent acid dragon scales for 1305 gold pieces
 13513 | Lair:1   | Identified the +4 acid dragon scales of a bazaar {+Blink
                  | rCorr Slay+5 SInv} (You bought it in a shop on level 1 of
                  | the Lair of Beasts)
 13673 | Lair:1   | Noticed a four-headed hydra
 13682 | Lair:1   | Killed a four-headed hydra
 13926 | Lair:1   | Noticed Fannar
 13956 | Lair:1   | Killed Fannar
 14558 | Lair:1   | Noticed Urug
 14577 | Lair:1   | Killed Urug
 14578 | Lair:1   | Gained mutation: You heal very quickly. [Vine Stalker
                  | growth]
 14578 | Lair:1   | Reached XP level 12. HP: 51/60 MP: 25/25
 14891 | Lair:2   | Identified the +3 robe "Qaruazuq" {*Drain rElec rF+ Dex+2}
                  | (You found it on level 2 of the Lair of Beasts)
 14941 | Lair:2   | Found a staircase to the Shoals.
 15702 | Lair:3   | Found a hole to the Spider Nest.
 15818 | Lair:3   | Noticed an eight-headed hydra
 15825 | Lair:3   | Killed an eight-headed hydra
 15915 | Lair:3   | Noticed a seven-headed hydra
 15925 | Lair:3   | Killed a seven-headed hydra
 16107 | Lair:3   | Noticed a seven-headed hydra
 16116 | Lair:3   | Killed a seven-headed hydra
 16325 | Lair:3   | Noticed a seven-headed hydra
 16353 | Lair:3   | Killed a seven-headed hydra
 16497 | Lair:3   | Noticed a catoblepas
 16497 | Lair:3   | Noticed a boulder beetle
 16831 | Lair:3   | Identified a scroll of acquirement
 16831 | Lair:3   | Acquired 878 gold pieces
 16904 | Lair:3   | Noticed a six-headed hydra
 16914 | Lair:3   | Killed a six-headed hydra
 17041 | Lair:3   | Killed a catoblepas
 17372 | Lair:3   | Killed a boulder beetle
 17444 | Lair:3   | Reached XP level 13. HP: 65/65 MP: 27/27
 17814 | Lair:4   | Got a masterwork plate armour
 17825 | Lair:4   | Identified the +3 plate armour "Lyiss" {Dex+6} (You found
                  | it on level 4 of the Lair of Beasts)
 18014 | Lair:4   | Found the +8 whip "Snakebite" {curare, rPois}
 18139 | Lair:4   | Reached skill level 10 in Necromancy
 18296 | Lair:4   | Reached skill level 1 in Maces & Flails
 18581 | Lair:4   | Reached skill level 10 in Spellcasting
 18877 | Lair:1   | Bought a translucent hunting sling for 162 gold pieces
 18878 | Lair:1   | Identified the +2 hunting sling of Fiug Bes {vorpal, rF+
                  | Str+2 Int-2 Dex+3} (You bought it in a shop on level 1 of
                  | the Lair of Beasts)
 18983 | D:11     | Noticed Harold
 19020 | D:11     | Killed Harold
 19263 | D:11     | Found a runed translucent gate.
 19264 | D:11     | Found a runed translucent gate.
 19264 | D:11     | Found a runed translucent gate.
 19264 | D:11     | Noticed mokwee's ghost (novice MiFi)
 19282 | D:11     | Found an ornate altar of the Wu Jian Council.
 19413 | D:11     | Found a portal to a secret trove of treasure.
 19420 | D:11     | Reached XP level 14. HP: 71/72 MP: 29/29
 19732 | D:12     | Found a flagged portal.
 19749 | Bailey   | Entered a bailey
 19847 | Bailey   | Got a warped robe
 19861 | Bailey   | Identified the +2 robe of Odinaut {rC- rN+ Will+} (You
                  | found it in a bailey)
 19885 | Bailey   | Found a burning altar of Makhleb.
 20282 | D:12     | Got a pair of fine gloves
 20293 | D:12     | Identified the cursed +0 pair of gloves of Paranoia {Dex+4}
                  | (You found it on level 12 of the Dungeon)
 20920 | D:13     | Found a corrupted altar of Lugonu.
 20930 | D:13     | Identified Lugonu's Disquisition on Lightness
 21065 | D:13     | Found a gate to the Vaults.
 21322 | D:14     | Noticed Louise
 21336 | D:13     | Killed Louise
 21945 | D:14     | Noticed Rupert
 21959 | D:14     | Killed Rupert
 22061 | D:14     | Noticed Snorg
 22091 | D:14     | Killed Snorg
 22449 | D:15     | Entered Level 15 of the Dungeon
 22827 | D:15     | Reached skill level 5 in Maces & Flails
 22827 | D:15     | Reached XP level 15. HP: 61/77 MP: 31/31
 22921 | D:15     | Found a staircase to the Depths.
 23837 | Orc:1    | Entered Level 1 of the Orcish Mines
 24286 | Orc:2    | Entered Level 2 of the Orcish Mines
 24361 | Orc:2    | Noticed Sonja
 24374 | Orc:2    | Killed Sonja
 24465 | Orc:2    | Found a staircase to the Elven Halls.
 24521 | Orc:2    | Found Pusch's Assorted Antiques.
 24555 | Orc:2    | Found a dark tunnel.
 24564 | Volcano  | Entered a volcano
 24805 | Volcano  | Found a radiant altar of Vehumet.
 25361 | Orc:2    | Found Eghain's Assorted Antiques.
 25361 | Orc:2    | Found Ameck's Gadget Emporium.
 25364 | Orc:2    | Found Luwaotre's Jewellery Emporium.
 25364 | Orc:2    | Found Voacvy's Book Shop.
 25641 | D:11     | Killed mokwee's ghost
 25913 | Shoals:1 | Entered Level 1 of the Shoals
 25932 | Shoals:1 | Reached skill level 1 in Long Blades
 25932 | Shoals:1 | Found Zecsipn's Assorted Antiques.
 26524 | Shoals:1 | Noticed a kraken
 26557 | Shoals:1 | Killed a kraken
 26558 | Shoals:1 | Reached XP level 16. HP: 34/83 MP: 32/32
 27306 | Lair:1   | Bought the ring of Suicidal Tendencies {rF+ rC+ Str+4
                  | Stlth+} for 702 gold pieces
 27650 | Shoals:2 | Found a transporter.
 27685 | Shoals:2 | Noticed caaleb's ghost (adept GnVM)
 28049 | Shoals:2 | Found a transporter.
 28145 | Shoals:2 | Identified the +10 morningstar of Laceration {vorpal,
                  | rPois} (You found it on level 2 of the Shoals)
 28608 | Shoals:2 | Got a smoking hat
 28622 | Shoals:2 | Identified the +1 hat "Lyklus" {rPois MP+9} (You found it
                  | on level 2 of the Shoals)
 28696 | Shoals:2 | Got a flickering golden amulet
 28718 | Shoals:2 | Identified the amulet "Pegualiv" {Acrobat rF+ Dex+4} (You
                  | found it on level 2 of the Shoals)
 29077 | Shoals:3 | Reached skill level 10 in Dodging
 29082 | Shoals:3 | Reached skill level 5 in Long Blades
 29713 | Shoals:4 | Entered Level 4 of the Shoals
 30021 | Shoals:4 | Noticed Ilsuiw
 30043 | Shoals:4 | Reached XP level 17. HP: 67/88 MP: 34/34
 30091 | Shoals:4 | Killed Ilsuiw
 30186 | Shoals:4 | Noticed Nikola
 30206 | Shoals:4 | Gained mutation: You tend to lose your temper in combat.
                  | [potion of mutation]
 30206 | Shoals:4 | Gained mutation: You are partially covered in yellow
                  | scales. (AC +2) [potion of mutation]
 30435 | Shoals:4 | Reached skill level 10 in Fighting
 30712 | Shoals:4 | Killed Nikola
 30744 | Shoals:4 | Reached skill level 5 in Throwing
 31246 | Shoals:4 | Got a barnacled rune of Zot
 32069 | Shoals:4 | Reached skill level 10 in Shields
 32309 | Shoals:4 | Identified the +1 scale mail of Waet {rCorr} (You found it
                  | on level 4 of the Shoals)
 32578 | Vaults:1 | Entered Level 1 of the Vaults
 32933 | Vaults:1 | Found Egovvih's Antique Weapon Shoppe.
 33506 | Vaults:1 | Reached XP level 18. HP: 95/95 MP: 36/36
 34758 | Vaults:2 | Found an ancient bone altar of Kikubaaqudgha.
 35208 | Vaults:2 | Reached skill level 5 in Slings
 35481 | Vaults:2 | Reached skill level 5 in Armour
 35564 | Vaults:2 | Noticed Margery
 35576 | Vaults:2 | Killed Margery
 36115 | Vaults:3 | Reached XP level 19. HP: 88/100 MP: 37/37
 36542 | Vaults:3 | Reached skill level 10 in Long Blades
 37233 | Vaults:2 | Reached skill level 10 in Maces & Flails
 38024 | Vaults:4 | Found a transporter.
 38043 | Vaults:4 | Found a transporter.
 38365 | Vaults:4 | Reached skill level 10 in Stealth
 38391 | Vaults:4 | Reached XP level 20. HP: 106/106 MP: 39/39
 38484 | Vaults:4 | Found a runed translucent door.
 38484 | Vaults:4 | Found a shimmering altar of Xom.
 38484 | Vaults:4 | Noticed Miduin's ghost (adept TeSu)
 38931 | Vaults:4 | Identified the cursed -4 cloak "Umivuret" {rElec rF+++
                  | Str-3 Dex+4} (You found it on level 4 of the Vaults)
 39674 | Lair:1   | Bought the ring of the Hare {EV+8} for 1664 gold pieces
 39674 | Lair:1   | Found the ring of the Hare {EV+8}
 39750 | Spider:1 | Entered Level 1 of the Spider Nest
 40107 | Spider:1 | Acquired a manual of Earth Magic
 40777 | Spider:2 | Gained mutation: Your magical capacity is low. (-10% MP)
                  | [mutagenic glow]
 40823 | Spider:2 | Gained mutation: Your magical capacity is very low. (-20%
                  | MP) [mutagenic glow]
 40989 | Spider:2 | Lost mutation: Your magical capacity is very low. (-20% MP)
                  | [potion of mutation]
 40989 | Spider:2 | Lost mutation: Your magical capacity is low. (-10% MP)
                  | [potion of mutation]
 40989 | Spider:2 | Gained mutation: Your mind is acute. (Int +2) [potion of
                  | mutation]
 40989 | Spider:2 | Gained mutation: You have a pair of small horns on your
                  | head. [potion of mutation]
 41063 | Spider:2 | Found a corrupted altar of Lugonu.
 41064 | Spider:2 | Found a one-way gate to the infinite horrors of the Abyss.
 42082 | Spider:3 | Found a roughly hewn altar of Beogh.
 42270 | Spider:4 | Entered Level 4 of the Spider Nest
 42559 | Spider:4 | Reached XP level 21. HP: 111/111 MP: 40/40
 42820 | Spider:4 | Found a large runed translucent door.
 42821 | Spider:4 | Found a large runed translucent door.
 42823 | Spider:4 | Noticed Yrishrysi's ghost (adept TrMo)
 43894 | Spider:4 | Got a gossamer rune of Zot
 44037 | Spider:4 | Killed Yrishrysi's ghost
 44360 | Elf:1    | Entered Level 1 of the Elven Halls
 44392 | Elf:1    | Got a shimmering ivory amulet
 44393 | Elf:1    | Identified the amulet of the Stallion {Inacc rF+ Str+3}
                  | (You found it on level 1 of the Elven Halls)
 44459 | Elf:1    | Found a magical portal.
 44470 | WizLab   | Entered Iskenderun's Mystic Tower
 44986 | WizLab   | Reached skill level 15 in Spellcasting
 45094 | WizLab   | Identified Bucuang's Incunabulum of Enchantment and
                  | Necromancy
 45104 | WizLab   | Learned a level 4 spell: Airstrike
 45132 | WizLab   | Identified the cursed +1 ring mail of the Blind Marksman
                  | {Slay+3} (You found it in a wizard's laboratory)
 45149 | WizLab   | Identified Iskenderun's Almanac of Attacks
 45149 | WizLab   | Identified Iskenderun's Volume of Conjuration
 45643 | Elf:1    | Found Boapexta's Book Shop.
 45715 | Elf:1    | Learned a level 5 spell: Yara's Violent Unravelling
 45795 | Elf:1    | Reached skill level 1 in Air Magic
 46020 | Elf:1    | Identified Tejiul's Disquisition on Necromancy
 46327 | Elf:1    | Reached skill level 1 in Hexes
 46429 | Elf:2    | Found a runed translucent gate.
 46429 | Elf:2    | Found a runed translucent gate.
 46430 | Elf:2    | Found a runed translucent gate.
 46432 | Elf:2    | Reached skill level 1 in Transmutations
 46581 | Elf:2    | Reached skill level 15 in Necromancy
 46581 | Elf:2    | Reached XP level 22. HP: 94/116 MP: 42/42
 46768 | Elf:2    | Identified the ring "Abagaypp" {rF+ Str+2} (You found it on
                  | level 2 of the Elven Halls)
 46978 | Elf:3    | Entered Level 3 of the Elven Halls
 47019 | Elf:3    | Found Egemoz's General Store.
 47083 | Elf:3    | Found Egga's Book Shop.
 47094 | Elf:3    | Found Cibaobat's Book Emporium.
 47144 | Elf:3    | Found Hohonon's Weapon Boutique.
 47322 | Elf:3    | Found Ozoll's Weapon Shop.
 47374 | Elf:3    | Found an ancient bone altar of Kikubaaqudgha.
 47503 | Elf:3    | Lost mutation: Your mind is acute. (Int +2) [a cacodemon]
 47506 | Elf:3    | Killed from afar by a hellion

Illustrated notes

Levels and vault maps discovered:
D:1:      sevenhm_arrival_forest_fort_small_3, layout_loops_corners,
          minmay_small_reverse_x
D:2:      layout_basic, lemuel_doored_altar, overflow_temple_1_default
D:3:      layout_loops_corners
D:4:      layout_basic, general_overflow_altar, minmay_temple_entry_slanted,
          ebering_ghost_sewer_d, uniq_duvessa, uniq_grinder
D:5:      layout_loops_cross, fedhas_altar_4, basic_altar, serial_undead,
          serial_undead_d, serial_undead_d, serial_undead_b, serial_undead_b,
          serial_bayou_ford_a, minmay_fractal_squares_5
D:6:      layout_gridville, lemuel_crystal_altar,
          gammafunk_temple_overflow_claw, serial_bayou_crossing
D:7:      layout_basic, regret_index_temple_of_mockery, kennysheep_mini,
          nicolae_ru_great_annihilating_truth, kennysheep_opposing_triangles
D:8:      layout_basic, lair_entry_dummy, serial_shops, shop, uniq_psyche
D:9:      layout_gridville, minmay_orc_entry_temple_large, serial_shops,
          shop_statue, kennysheep_generic_room_3
D:10:     cheibrodos_fzero, layout_basic, chequers_arboretum,
          minmay_statues_item, okawaru_trees_1
D:11:     layout_rooms, nicolae_trove_entry_crossroad, basic_altar,
          gammafunk_ghost_spectres, minivault_16, uniq_harold
D:12:     layout_cave_pods, enter_bailey_3
D:13:     layout_rooms, erik_vaults_1, tgw_lugonu_bribe
D:14:     layout_irregular_city, chequers_jeans, drop_trap, uniq_louise,
          uniq_rupert, uniq_snorg
D:15:     hangedman_depths_entry_civil_slaughter, layout_basic, minivault_19
Lair:1:   layout_layer_cave, uniq_fannar, uniq_urug
Lair:2:   layout_chaotic_city, minmay_shoals_entry_lonely_mermaid
Lair:3:   layout_gridlike, nicolae_spider_entry_tight_spaces,
          hangedman_lair_generics_rect, grunt_megastairs_2
Lair:4:   minmay_guarded_unrand_snakebite, layout_misc_corridors, st_stairs_4,
          chequers_serial_rivers_small_a, ice2_lemuel, serial_bayou_shore_b,
          serial_bayou_shore_b
Shoals:1: cheibrodos_shoals_oceanic_diplomacy, layout_shoals, serial_shops,
          shop, nicolae_shoals_circle_sea_wall
Shoals:2: layout_shoals, gammafunk_ghost_berserking_beasts
Shoals:3: layout_shoals
Shoals:4: shoals_end_grunt_ice, layout_shoals, shoals_ilsuiw_ice, uniq_nikola
Spider:1: layout_spider_delve, guppyfry_spider_mini_1
Spider:2: layout_spider_delve, amcnicky_altar_lugonu_corruption
Spider:3: nicolae_spider_mines_2
Spider:4: grunt_spider_rune_parallel, ebering_ghost_disaster_area, drop_trap
Orc:1:    layout_caves
Orc:2:    grunt_orc_tribal_feast, layout_caves, serial_shops,
          nicolae_shop_temple_entry_statues_fountains,
          nicolae_volcano_entry_lava_flow, uniq_sonja
Elf:1:    eino_elf_arrival_shootout, layout_geoelf_grid, mu_enter_wizlab_6,
          serial_shops, shop_coins, minmay_elf_necromancy, grunt_ministairs_4,
          minivault_20, nicolae_elf_m_pinch
Elf:2:    layout_geoelf_grid, hangedman_elven_pyramids
Elf:3:    nooodl_elf_gasket, layout_geoelf_octagon, serial_shops, shop, shop,
          nicolae_shop_temple_entry_statues_fountains, shop, shop,
          amcnicky_altar_gilded
Vaults:1: v_alt_pattern_1, vaults_mumra_chevron_long, vaults_dpeg_diagonal,
          vaults_room_stairs_pillars, vaults_dpeg_encased_lava,
          ontoclasm_vaults_loading_screen, nicolae_vaults_what_the_h,
          ontoclasm_vaults_echo, layout_vaults_omnigrid, serial_shops,
          shop_fountains
Vaults:2: v_misc_13, minmay_crypt_entry_simple_box, ontoclasm_vaults_chip,
          v_misc_1, nicolae_vaults_yaktaur_gun_rack, dpeg_vaults_monster_box,
          nicolae_vaults_diagonal_hallway_6, v_misc_19, v_misc_24,
          v_alt_pattern_6, ontoclasm_vaults_bender, layout_vaults_ring,
          basic_altar, uniq_margery
Vaults:3: nicolae_vaults_murderbox, hangedman_vaults_slither, v_misc_28,
          hangedman_vaults_snaps, v_alt_pattern_2, vaults_room_door_hall,
          vaults_mumra_chevron, grunt_vaults_twisty, vaults_room_hallway,
          grunt_vaults_hallway_short, vaults_dpeg_hooks, layout_vaults_omnicross
Vaults:4: ebering_vaults_ghost_xom, nicolae_vaults_network_quincunx
          [nicolae_vaults_network_quincunx_subvault,
          nicolae_vaults_network_quincunx_subvault,
          nicolae_vaults_network_quincunx_subvault,
          nicolae_vaults_network_quincunx_subvault,
          nicolae_vaults_network_quincunx_subvault],
          nicolae_vaults_diagonal_hallway_9, serial_ice_m,
          ontoclasm_vaults_tryst, hangedman_vaults_cutoff,
          nicolae_vaults_border_crossing, v_misc_15, gammafunk_the_bubble
          [the_bubble_gammafunk_grid], hangedman_vaults_variations,
          vaults_room_door_hall, vaults_dpeg_cross, layout_vaults_omnibox

Skill      XL: |  1  2  3  4  5  6  7  8  9 10 11 12 13 14 15 16 17 18 19 20 21 22 |
---------------+-------------------------------------------------------------------+-----
Spellcasting   | 3 4 5 6 7 8 9 10 11 12 13 14 15 | 15.2
Necromancy     | 5 6 7 8 9 10 11 12 13 14 15 | 15.0
Stealth        | 3 4 5 6 7 8 9 10 11 | 11.1
Dodging        | 2 3 4 5 6 7 8 9 10 11 12 | 12.7
Fighting       | 1 2 3 4 5 6 7 8 9 10 11 12 | 12.6
Throwing       | 1 2 3 4 5 |  5.7
Slings         | 1 2 3 4 5 |  5.2
Armour         | 1 2 3 4 5 6 7 |  7.0
Short Blades   | 2 3 4 6 7 |  7.8
Shields        | 1 2 4 6 7 8 9 10 11 12 13 | 13.1
Maces & Flails | 2 5 6 7 8 9 10 11 | 11.4
Long Blades    | 2 6 8 9 11 12 | 12.6
Air Magic      | 1 2 |  2.4
Hexes          | 1 2 |  2.0
Transmutations | 1 2 |  2.5
Evocations     | |  0.9

Action                   |  1- 3 |  4- 6 |  7- 9 | 10-12 | 13-15 | 16-18 | 19-21 | 22-24 || total
-------------------------+-------+-------+-------+-------+-------+-------+-------+-------++-------
Melee: Unarmed           |     4 |     1 |       |       |       |       |       |       ||     5
       Bite              |       |     1 |    66 |   229 |   564 |   563 |   803 |    54 ||  2280
       Dagger            |       |       |   253 |   653 |   190 |    15 |    68 |       ||  1179
       Whip              |       |       |       |       |  1196 |  1245 |  1750 |   149 ||  4340
       Headbutt          |       |       |       |       |       |       |   242 |    45 ||   287
 Fire: Hunting sling     |       |    45 |    55 |   117 |       |   109 |    29 |       ||   355
Throw: Dart              |    31 |    45 |   157 |    35 |    23 |    33 |    76 |       ||   400
       Javelin           |       |       |     7 |       |       |     7 |     9 |    10 ||    33
       Boomerang         |       |       |       |       |       |    15 |    19 |       ||    34
 Cast: Pain              |    49 |    47 |    25 |    10 |     8 |       |     4 |       ||   143
       Vampiric Draining |       |       |       |    56 |    26 |    24 |    46 |       ||   152
Invok: Call Merchant     |       |       |       |     2 |     3 |     2 |     2 |       ||     9
Evoke: Wand              |       |       |     1 |     9 |     3 |     8 |       |       ||    21
       Phantom mirror    |       |       |       |       |     1 |     2 |       |       ||     3
  Use: Scroll            |     2 |     2 |    11 |    15 |    14 |    17 |    16 |     3 ||    80
       Potion            |       |       |       |       |       |     5 |     4 |       ||     9
 Stab: Sleeping          |       |       |     5 |     8 |    20 |    15 |    29 |     5 ||    82
       Distracted        |       |       |     3 |     1 |    12 |     9 |    22 |     4 ||    51
       Paralysed         |       |       |     1 |     2 |       |       |       |       ||     3
       Petrifying        |       |       |       |     1 |       |       |       |       ||     1
Armor: Robe              |     5 |     7 |    52 |   168 |       |       |       |       ||   232
       Leather armour    |       |     7 |    41 |       |       |       |       |       ||    48
       Acid dragon scale |       |       |       |   120 |   465 |   444 |   339 |    12 ||  1380
Dodge: Dodged            |     7 |    26 |   124 |   343 |   736 |   765 |   973 |    56 ||  3030
Block: Kite shield       |       |     4 |   104 |   375 |   753 |   756 |   931 |    53 ||  2976

Table legend: (Time is in decaauts)
 A = Elapsed time spent in this place.
 B = Non-inter-level travel time spent in this place.
 C = Inter-level travel time spent in this place.
 D = Time resting spent in this place.
 E = Time spent auto-exploring this place.
 F = Levels seen in this place.
 G = Mean time per level.
                   A        B        C        D        E       F      G
               +--------+--------+--------+--------+--------+-----+--------+
         Total |  46302 |  42496 |   3806 |   2133 |  27383 |  39 | 1187.2 |
       Dungeon |  19540 |  17438 |   2102 |    895 |  11970 |  15 | 1302.7 |
          Lair |   6013 |   5448 |    565 |    400 |   3882 |   4 | 1503.2 |
        Shoals |   6072 |   5813 |    259 |    185 |   3715 |   4 | 1518.0 |
   Spider Nest |   3994 |   3684 |    310 |    164 |   2541 |   4 |  998.5 |
  Orcish Mines |   1390 |   1270 |    120 |      0 |    690 |   2 |  695.0 |
   Elven Halls |   2118 |   2080 |     38 |      3 |   1390 |   3 |  706.0 |
        Vaults |   5925 |   5516 |    409 |    437 |   2830 |   4 | 1481.2 |
        Bailey |    189 |    189 |      0 |      0 |     20 |   1 |  189.0 |
       Volcano |    268 |    268 |      0 |      0 |    148 |   1 |  268.0 |
        Wizlab |    790 |    790 |      0 |     48 |    197 |   1 |  790.0 |
               +--------+--------+--------+--------+--------+-----+--------+

Top non-repeatable levels by time:
Shoals:4: 2490 daAuts
     D:7: 2284 daAuts
  Lair:3: 2141 daAuts
    D:10: 1835 daAuts
Vaults:4: 1690 daAuts
     D:8: 1668 daAuts
  Lair:1: 1594 daAuts
Vaults:3: 1574 daAuts
Vaults:1: 1542 daAuts
     D:4: 1487 daAuts
Spider:4: 1452 daAuts
     D:5: 1355 daAuts
Shoals:2: 1354 daAuts
     D:9: 1341 daAuts
     D:3: 1328 daAuts
